General information
- name: BNet
- type: Ladder 1vs1/FFA
- host: Battle.net
- saver: LW-Stupidus
map: MeltingValley
- players: 2
- length: 19:38
- speed: Fast
- version: 1.23 W3XP
- replay type: Public
» download(73 KB)
Players
team 1 (winner)
LW-Stupidus (
orange | 75 APM | 1470 actions | 19:38)
5 Demon Hunter
2 Mana Burn
3 Evasion
3 Beastmaster
2 Summon Quilbeast
1 Summon Hawk
» actions
| Assign group hotkey | 49 | |
| Basic commands | 114 | |
| Build / train | 72 | |
| ESC pressed | 4 | |
| Enter build submenu | 21 | |
| Enter hero's abilities submenu | 8 | |
| Give item / drop item | 3 | |
| Remove unit from queue | 6 | |
| Right click | 628 | |
| Select / deselect | 288 | |
| Select group hotkey | 175 | |
| Use ability | 102 | |
1470 total
» units
| Wisp | 21 | |
| Archer | 4 | |
| Druid of the Talon | 9 | |
| Chimaera | 4 | |
38 total
» upgrades
| Druid of the Talon Training | 2 | |
| Improved Bows | 1 | |
| Corrosive Breath | 1 | |
4 total
» buildings
| Altar of Elders | 1 | |
| Moon Well | 7 | |
| Ancient of War | 1 | |
| Tree of Ages | 1 | |
| Ancient of Wonders | 1 | |
| Ancient of Wind | 2 | |
| Tree of Eternity | 1 | |
| Tree of Life | 1 | |
| Chimaera Roost | 4 | |
19 total
» build order
00:09 Altar of Elders
00:14 Moon Well
00:34 Ancient of War
01:34 Moon Well
02:34 Tree of Ages
02:44 Moon Well
04:35 Ancient of Wonders
05:00 Ancient of Wind
05:02 Ancient of Wind
05:35 Tree of Eternity
06:15 Moon Well
06:25 Moon Well
08:45 Tree of Life
12:50 Chimaera Roost
12:51 Chimaera Roost
12:57 Chimaera Roost
13:00 Chimaera Roost
13:32 Moon Well
13:34 Moon Well
» items
| Dust of Appearance | 1 | |
| Boots of Speed | 1 | |
| Staff of Teleportation | 1 | |
| Scroll of Town Portal | 4 | |
| Scroll of Healing | 3 | |
| Potion of Healing | 1 | |
11 total
team 2 (loser)
deer2w (
green | 111 APM | 2178 actions | 19:37)
4 Blademaster
2 Wind Walk
2 Critical Strike
6 Tauren Chieftain
2 War Stomp
3 Endurance Aura
1 Shockwave
» actions
| Basic commands | 151 | |
| Build / train | 86 | |
| ESC pressed | 9 | |
| Enter build submenu | 22 | |
| Enter hero's abilities submenu | 9 | |
| Give item / drop item | 2 | |
| Right click | 785 | |
| Select / deselect | 980 | |
| Use ability | 134 | |
2178 total
» units
| Peon | 12 | |
| Grunt | 9 | |
| Spirit Walker | 5 | |
| Raider | 6 | |
| Troll Batrider | 3 | |
35 total
» upgrades
| Spirit Walker Training | 1 | |
| Ensnare | 2 | |
3 total
» buildings
| Altar of Storms | 1 | |
| Orc Burrow | 13 | |
| Barracks | 1 | |
| Voodoo Lounge | 1 | |
| Stronghold | 2 | |
| Beastiary | 3 | |
| Spirit Lodge | 1 | |
| Fortress | 3 | |
| War Mill | 1 | |
26 total
» build order
00:04 Altar of Storms
00:15 Orc Burrow
00:27 Barracks
01:25 Orc Burrow
01:52 Voodoo Lounge
03:36 Stronghold
03:36 Stronghold
04:04 Orc Burrow
06:02 Beastiary
06:05 Spirit Lodge
06:16 Beastiary
07:32 Beastiary
08:12 Orc Burrow
10:35 Orc Burrow
10:36 Orc Burrow
10:38 Orc Burrow
11:23 Orc Burrow
11:43 Orc Burrow
12:48 Orc Burrow
12:49 Orc Burrow
12:51 Orc Burrow
15:25 Orc Burrow
17:24 Fortress
17:24 Fortress
17:26 War Mill
» items
| Circlet of Nobility | 2 | |
| Healing Salve | 8 | |
| Boots of Speed | 1 | |
| Scroll of Speed | 1 | |
| Scroll of Healing | 2 | |
| Potion of Lesser Invulnerability | 1 | |
| Tome of Retraining | 1 | |
| Lesser Clarity Potion | 2 | |
18 total
Chat log
(03:42 / All) deer2w: fuck...
(03:46 / All) LW-Stupidus: lol
(03:49 / All) deer2w: fucking mistake
(03:52 / All) LW-Stupidus: indeed
(19:29 / All) LW-Stupidus: LOL
(19:32 / All) LW-Stupidus: woops caps
(19:32 / All) LW-Stupidus: gg